 Dungeon Crawl Stone Soup version 0.27-a0-1529-g1e82c303ef (webtiles) character file.

Game seed: 13861544467057782626

11454 Rohain the Thaumaturge (level 12, 0/76 HPs)
             Began as a Djinni Fire Elementalist on July 11, 2021.
             Was a Follower of Ashenzari.
             Slain by a spectral seven-headed hydra (5 damage)
             ... in a Gauntlet on July 12, 2021.
             The game lasted 00:31:05 (17564 turns).

Rohain the Thaumaturge (Djinni Fire Elementalist)  Turns: 17564, Time: 00:31:06

Health: 0/76       AC:  5    Str:  7    XL:     12   Next: 7%
Gold:   600        EV: 17    Int: 21    God:    Ashenzari [*.....] SH:  7 Dex: 15

rFire    + + +     SeeInvis +   l - +1 dagger "Stoicism of Ashenzari" {drain, Fort, Self} (curse)
rCold    x . .     Faith    .   v - +2 buckler of the Wild Blue Yonder {Evo, Fort} (curse)
rNeg     . . .     Spirit   .   G - +0 steam dragon scales
rPois    ∞         Reflect  .   (no helmet)
rElec    .         Harm     .   (no cloak)
rCorr    .         Rampage  .   (no gloves)
Will     +....     NoTele   +   (boots unavailable)
Stlth    ++........             (no amulet)
HPRegen  0.22/turn              m - ring of see invisible
MPRegen  0.00/turn              j - ring of protection from fire

@: flying, slowed, very slow
A: sickness immunity, fire resistance 2, cold vulnerability 1, float, innate
caster, hp casting, extra vitality 1
a: Renounce Religion, Shatter the Chains


You were in a Gauntlet.
You worshipped Ashenzari.
Ashenzari was aware of your devotion.
You visited 2 branches of the dungeon, and saw 12 of its levels.
You also visited: Bailey and Gauntlet.

You collected 600 gold pieces.

Inventory:

Hand Weapons
 f - a +0 short sword of speed
 l - the cursed +1 dagger "Stoicism of Ashenzari" (weapon) {drain, Fort, Self}
   (You took it off a goblin on level 3 of the Dungeon)

   A truly terrible weapon, it drains the life of those it strikes.
   It has a curse which improves the following skills: Fortitude: Armour and
   Shields.
   Introspection: Fighting and Spellcasting.
 p - a +1 scythe of protection
Missiles
 x - 2 throwing nets
Armour
 a - a +0 robe
 o - a +0 helmet
 t - a +2 hat
 v - the cursed +2 buckler of the Wild Blue Yonder (worn) {Evo, Fort}
   (You found it on level 7 of the Dungeon)

   It has a curse which improves the following skills: Evocations: Evocations.
   Fortitude: Armour and Shields.
 D - the +5 fire dragon scales of the Jabberwock {Contam rF++ rC- Will+ Slay+3 Stlth+}
   (You took it off an orc in a bailey)

   Slay:      It affects your accuracy & damage with ranged weapons and melee
   (+3).
   rF:        It greatly protects you from fire.
   rC:        It makes you vulnerable to cold.
   Contam:    It causes magical contamination when unequipped.
   Will:      It increases your willpower.
   Stlth:     It makes you more stealthy.
 G - +0 steam dragon scales (worn)
Jewellery
 j - a ring of protection from fire (right hand)
 m - a ring of see invisible (left hand)
 s - a ring of ice
 A - a +6 ring of dexterity
 H - an amulet of the acrobat
Wands
 q - a wand of flame (31)
 u - a wand of mindburst (21)
 y - a wand of digging (12)
 I - a wand of iceblast (15)
Scrolls
 b - 5 scrolls of teleportation
 c - a scroll of enchant weapon
 e - 2 scrolls of amnesia
 h - 6 scrolls of identify
 i - a scroll of fear
 n - a scroll of noise
 r - a scroll of fog
 z - a scroll of enchant armour
 F - 2 scrolls of acquirement
Potions
 d - 2 potions of magic
 g - 3 potions of mutation
 k - a potion of haste
 w - a potion of ambrosia
 B - 2 potions of brilliance
 C - a potion of curing
 E - 2 potions of experience
 J - a potion of invisibility


   Skills:
 - Level 1.7(2.5) Fighting
 + Level 11.0 Dodging
 - Level 1.6 Stealth
 - Level 3.5(5.0) Shields
 + Level 11.6(12.4) Spellcasting


You had 6 spell levels left.
You knew the following spells:

 Your Spells              Type           Power      Damage    Failure   Level
a - Foxfire               Conj/Fire      100%       2x1d9     1%          1
b - Conjure Flame         Conj/Fire      60%        6-21      1%          3
c - Inner Flame           Hex/Fire       60%        N/A       1%          3
d - Sticky Flame          Conj/Fire      60%        2d8       1%          4
e - Fireball              Conj/Fire      30%        3d13      1%          5
f - Pain                  Necr           100%       1d9       1%          1
g - Poisonous Vapours     Pois/Air       100%       N/A       1%          2
h - Tukima's Dance        Hex            60%        N/A       1%          3
i - Vampiric Draining     Necr           30%        2d10      1%          3
j - Leda's Liquefaction   Hex/Erth       30%        N/A       1%          4
Your spell library was empty.

Dungeon Overview and Level Annotations

Branches:
Dungeon (11/15)            Temple (1/1) D:6            Lair (0/6) D:10
 Bailey (visited)         Gauntlet (1/1)
    Orc: D:9-12

Altars:
Ashenzari
Cheibriados
Dithmenos
Fedhas
Gozag
Hepliaklqana
Nemelex Xobeh
Qazlal
Sif Muna
Trog
Uskayaw
Wu Jian
Xom
Yredelemnul
The Shining One

Shops:
D:6 [

Annotations:
D:9 2 transporters, Supercliff's ghost, novice DECj Gauntlet 13 transporters


Innate Abilities, Weirdness & Mutations

You are immune to sickness and miasma.
You are immune to poison.
Your flesh is very heat resistant. (rF++)
You are vulnerable to cold. (rC-)
You float through the air rather than walking.
You learn spells naturally, not from books.
Your magical power is your life essence.
You have superior vitality. (+4 HP)


Message History

The spectral seven-headed hydra bites you.
The spectral seven-headed hydra misses you.
The spectral seven-headed hydra barely misses you.
The spectral seven-headed hydra closely misses you.
The death scarab bites you but does no damage.
The spectral seven-headed hydra bites you!
The spectral seven-headed hydra bites you but does no damage.
The spectral seven-headed hydra bites you.
* * * LOW HITPOINT WARNING * * *
The spectral seven-headed hydra bites you.
* * * LOW HITPOINT WARNING * * *
The spectral seven-headed hydra misses you.
The spectral seven-headed hydra bites you!
* * * LOW HITPOINT WARNING * * *
The spectral seven-headed hydra misses you.
Found a transporter.
The death scarab bites you.
* * * LOW HITPOINT WARNING * * *
The death scarab drains your vigour!
You feel as though you will be slow longer.
Okay, then.
Okay, then.
Okay, then.
Okay, then.
The spectral seven-headed hydra misses you.
You block the spectral seven-headed hydra's attack.
The spectral seven-headed hydra completely misses you.
You block the spectral seven-headed hydra's attack.
The spectral seven-headed hydra misses you.
The spectral seven-headed hydra closely misses you.
The spectral seven-headed hydra bites you but does no damage.
You feel better. The death scarab completely misses you.
You block the death scarab's attack.
The spectral seven-headed hydra completely misses you.
The spectral seven-headed hydra bites you.
* * * LOW HITPOINT WARNING * * *
The spectral seven-headed hydra bites you.
* * * LOW HITPOINT WARNING * * *
The spectral seven-headed hydra bites you.
You die...

.#
..#.#.#.....#.#.#..##.#
##.bt....##.#......
###################
.....©#§≈≈≈8§§≈≈#©.
###################
#©.........©.......
###################
....#.#.B.)©.$..#.#
#g#.#@#...###.#.# .
.#x#.#Z#.#... #.
#..#.#...### #. ..
.#..#.#.#..©###.#.#..##©
##..#.#.###...#.#.#..#..
#.#.#.#...###...#.#5.##.
. #.#.#.#...#.#.#.#5.#..
...#.#.........#.#35.#.
####.###########.######


You could see a fire crab, a spectral seven-headed hydra, a worldbinder, a death
scarab, a fire bat and a boggart.

Vanquished Creatures
  An orc warlord (Bailey)
  A boulder beetle (D:11)
  Harold (D:7)
  A two-headed ogre (D:10)
  An orc knight (Bailey)
  Pikel (D:5)
  A gargoyle (D:9)
  An unseen horror (D:7)
  A hornet (D:7)
  Grinder (D:5)
  A wraith (D:10)
  7 yaks
  Sigmund (D:4)
  2 vampire mosquitoes (D:8)
  2 steam dragons
  Menkaure (D:6)
  An acid dragon (D:8)
  A water moccasin (D:8)
  13 orc warriors
  3 sky beasts
  An ice beast (D:5)
  4 ogres
  3 centaurs
  A necrophage (D:6)
  A lemure (D:5)
  A kobold brigand (D:7)
  4 bullfrogs
  2 scorpions
  A wyvern skeleton (D:7)
  2 water moccasin skeletons
  4 killer bees (D:7)
  2 electric eels (D:10)
  3 centaur zombies
  3 hounds
  2 jellies
  2 orc priests
  A centaur skeleton (D:7)
  2 iguanas
  A scorpion zombie (D:5)
  5 orc wizards
  2 killer bee zombies
  A hound skeleton (D:4)
  2 howler monkey zombies
  8 adders
  7 gnolls (Bailey)
  A howler monkey skeleton (D:7)
  A shadow imp (D:6)
  A white imp (D:5)
  A dart slug (D:4)
  31 orcs
  2 endoplasms
  7 giant cockroaches
  39 goblins
  18 hobgoblins
  7 quokkas
  8 ball pythons
  5 bats
  2 frilled lizards
  7 kobolds
  5 rats
242 creatures vanquished.

Vanquished Creatures (collateral kills)
  A two-headed ogre (D:9)
  Maggie (D:8)
  Edmund (D:5)
  An ogre (D:5)
  A bullfrog (D:8)
  An orc wizard (D:5)
  A goblin (D:8)
7 creatures vanquished.

Vanquished Creatures (others)
  A dancing weapon (D:9)
  1394 foxfires
  A fungus (Gauntlet)
1396 creatures vanquished.

Grand Total: 1645 creatures vanquished

Notes
Turn   | Place    | Note
-------+----------+-------------------------------------------
     0 | D:1      | Rohain the Djinni Fire Elementalist began the quest for the
                  | Orb.
     0 | D:1      | Reached XP level 1. HP: 15/15 MP: 0/0
    78 | D:1      | Found an ornate altar of the Wu Jian Council.
   375 | D:1      | Reached XP level 2. HP: 16/21 MP: 0/0
  1280 | D:1      | Reached XP level 3. HP: 20/25 MP: 0/0
  1280 | D:1      | Learned a level 1 spell: Pain
  2351 | D:2      | Reached XP level 4. HP: 18/31 MP: 0/0
  4516 | D:4      | Reached XP level 5. HP: 29/35 MP: 0/0
  4516 | D:4      | Learned a level 2 spell: Poisonous Vapours
  4520 | D:4      | Noticed an ogre
  4524 | D:4      | Killed an ogre
  4525 | D:4      | Reached XP level 6. HP: 25/40 MP: 0/0
  4664 | D:4      | Noticed Sigmund
  4671 | D:4      | Killed Sigmund
  4672 | D:4      | Reached skill level 5 in Spellcasting
  5101 | D:4      | Reached XP level 7. HP: 35/45 MP: 0/0
  5101 | D:4      | Learned a level 3 spell: Tukima's Dance
  6112 | D:4      | Found a hazy altar of Hepliaklqana.
  6115 | D:4      | Found a snail-covered altar of Cheibriados.
  6212 | D:5      | Entered Level 5 of the Dungeon
  6308 | D:5      | Noticed Edmund
  6316 | D:5      | Killed Edmund
  6430 | D:5      | Reached XP level 8. HP: 34/51 MP: 0/0
  7190 | D:5      | Noticed Pikel
  7206 | D:5      | Killed Pikel
  7207 | D:5      | Reached XP level 9. HP: 47/56 MP: 0/0
  7207 | D:5      | Learned a level 3 spell: Vampiric Draining
  7525 | D:5      | Noticed Grinder
  7534 | D:5      | Killed Grinder
  8200 | D:6      | Reached skill level 1 in Fighting
  8366 | D:6      | Found a staircase to the Ecumenical Temple.
  8495 | Temple   | Entered the Ecumenical Temple
  8602 | Temple   | Became a worshipper of Ashenzari the Shackled
  8658 | D:6      | Found Zungoq's Antique Armour Boutique.
  8678 | D:6      | Reached skill level 5 in Dodging
  8696 | D:6      | Reached XP level 10. HP: 34/64 MP: 0/0
  8956 | D:6      | Noticed Menkaure
  8958 | D:6      | Found a faded altar of an unknown god.
  8964 | D:6      | Killed Menkaure
 10033 | D:7      | Reached skill level 1 in Shields
 10033 | D:7      | Reached skill level 10 in Spellcasting
 11111 | D:7      | Noticed an unseen horror
 11120 | D:7      | Killed an unseen horror
 11306 | D:7      | Noticed Harold
 11321 | D:7      | Killed Harold
 12054 | D:8      | Noticed Maggie
 12066 | D:8      | Reached XP level 11. HP: 40/68 MP: 0/0
 12066 | D:8      | Learned a level 4 spell: Leda's Liquefaction
 12070 | D:8      | Killed Maggie
 12177 | D:8      | Found a flagged portal.
 12183 | Bailey   | Entered a bailey
 13125 | Bailey   | Noticed an orc warlord
 13152 | Bailey   | Killed an orc warlord
 13492 | Bailey   | Identified the +5 fire dragon scales of the Jabberwock
                  | {Contam rF++ rC- Will+ Slay+3 Stlth+}
 13547 | Bailey   | Noticed an orc knight
 13565 | Bailey   | HP: 2/68 [orc knight (17)]
 13571 | Bailey   | Killed an orc knight
 14660 | D:9      | Identified a scroll of acquirement
 14688 | D:9      | Found a transporter.
 14706 | D:9      | Noticed a two-headed ogre
 14712 | D:9      | Killed a two-headed ogre
 14713 | D:9      | Reached skill level 10 in Dodging
 15378 | D:9      | Noticed Supercliff's ghost (novice DECj)
 15379 | D:9      | Found a transporter.
 15379 | D:9      | Noticed a two-headed ogre
 15380 | D:9      | Identified the +9 dire flail "Notwio" {spect, *Slow +Blink
                  | rElec rPois}
 15380 | D:9      | Noticed a two-headed ogre
 15799 | D:10     | Entered Level 10 of the Dungeon
 15900 | D:10     | Found a staircase to the Lair.
 15939 | D:10     | Noticed a two-headed ogre
 15963 | D:10     | Killed a two-headed ogre
 16550 | D:10     | Reached * piety under Ashenzari
 16983 | D:11     | Found a gate leading to a gauntlet.
 16983 | D:11     | Noticed a boulder beetle
 16997 | D:11     | Killed a boulder beetle
 16998 | D:11     | Reached XP level 12. HP: 30/76 MP: 0/0
 17002 | Gauntlet | Entered a Gauntlet
 17002 | Gauntlet | Found a transporter.
 17022 | Gauntlet | Noticed a death scarab
 17208 | Gauntlet | Noticed a sixfirhy
 17217 | Gauntlet | Found a transporter.
 17232 | Gauntlet | Found a transporter.
 17237 | Gauntlet | Found a transporter.
 17253 | Gauntlet | Found a transporter.
 17272 | Gauntlet | Found a transporter.
 17277 | Gauntlet | Noticed a great orb of eyes
 17284 | Gauntlet | Found a transporter.
 17286 | Gauntlet | Identified the +1 cloak "Iwnecsuk" {Harm Fly Will++ Dex-4}
 17292 | Gauntlet | Noticed a fire crab
 17296 | Gauntlet | Found a transporter.
 17307 | Gauntlet | Noticed a dire elephant
 17308 | Gauntlet | Found a transporter.
 17310 | Gauntlet | Identified the +0 cloak "Owki" {Rampage rElec Dex-4}
 17322 | Gauntlet | Found a transporter.
 17443 | Gauntlet | Found a transporter.
 17443 | Gauntlet | Found a transporter.
 17447 | Gauntlet | Found a transporter.
 17561 | Gauntlet | Found a transporter.
 17562 | Gauntlet | HP: 1/76 [death scarab (3)]
 17564 | Gauntlet | Slain by a spectral seven-headed hydra

Illustrated notes

Levels and vault maps discovered:
D:1:      dpeg_arrival_lava_altar, layout_loops_cross, supply_closet_lemuel
D:2:      layout_basic
D:3:      layout_basic
D:4:      layout_layer_cave, gammafunk_temple_overflow_pools, kennysheep_boxes,
          uniq_sigmund
D:5:      layout_cave_pods, uniq_grinder, uniq_edmund, uniq_pikel
D:6:      layout_cave_pods, nicolae_overflow_hidden_temple,
          minmay_temple_entry_sparse_star, serial_column_ruins,
          column_ruins_temple_circle, column_ruins_circle_medium,
          column_ruins_grid_3, column_ruins_open_small, column_ruins_grid_4,
          column_ruins_open_tiny, column_ruins_open_small, column_ruins_grid_2,
          serial_shops, shop, uniq_menkaure
D:7:      layout_loops_ring, hangedman_decor_points, uniq_harold
D:8:      layout_cave_pods, serial_glass, glass_columns_b, glass_columns_a,
          enter_bailey_3, uniq_maggie
D:9:      layout_long_grid, gammafunk_ghost_smash
D:10:     layout_roguey, lair_entry_dummy, roderic_st_hans_cross, minivault_14,
          kennysheep_cross_room
D:11:     wander_river, layout_layer_cave, gauntlet_entry_generic, minivault_5,
          uniq_grum, uniq_maurice, uniq_psyche, uniq_erolcha
Temple:   regret_index_temple_mists
Gauntlet: gammafunk_gauntlet_one_two_three [nicolae_gauntlet_arena_grate_2,
          gammafunk_gauntlet_arena_teeth, gammafunk_gauntlet_arena_corners,
          gammafunk_gauntlet_arena_mazey, gammafunk_gauntlet_arena_chambers,
          nicolae_gauntlet_arena_quarters, nicolae_gauntlet_arena_x,
          gammafunk_gauntlet_arena_split_diamond,
          gammafunk_gauntlet_arena_crates, gauntlet_exit_green]

Skill      XL: |  1  2  3  4  5  6  7  8  9 10 11 |
---------------+----------------------------------+-----
Spellcasting   | 3 4 5 6 8 9 10 11 | 11.6
Fighting       | 1 |  1.7
Dodging        | 5 8 11 | 11.0
Shields        | 3 |  3.5
Stealth        | |  1.6

Action                   |  1- 3 |  4- 6 |  7- 9 | 10-12 || total
-------------------------+-------+-------+-------+-------++-------
Melee: Dagger            |       |     2 |     3 |     8 ||    13
 Cast: Foxfire           |   126 |   141 |   196 |   373 ||   836
       Poisonous Vapours |       |     3 |    18 |    25 ||    46
       Pain              |       |     2 |       |     3 ||     5
       Tukima's Dance    |       |       |     6 |    22 ||    28
       Inner Flame       |       |       |     2 |    10 ||    12
       Fireball          |       |       |     2 |     5 ||     7
       Conjure Flame     |       |       |     1 |    12 ||    13
       Vampiric Draining |       |       |       |    35 ||    35
       Sticky Flame      |       |       |       |     7 ||     7
       Leda's Liquefacti |       |       |       |     4 ||     4
Invok: Curse Item        |       |       |       |     2 ||     2
  Use: Scroll            |       |       |     8 |       ||     8
       Potion            |       |       |     1 |     4 ||     5
Armor: Robe              |     1 |       |     5 |     5 ||    11
       Steam dragon scal |       |       |       |     5 ||     5
Dodge: Dodged            |     9 |     6 |    23 |    74 ||   112
Block: Buckler           |       |       |       |    34 ||    34

Table legend: (Time is in decaauts)
 A = Elapsed time spent in this place.
 B = Non-inter-level travel time spent in this place.
 C = Inter-level travel time spent in this place.
 D = Time resting spent in this place.
 E = Time spent auto-exploring this place.
 F = Levels seen in this place.
 G = Mean time per level.
                   A        B        C        D        E       F      G
               +--------+--------+--------+--------+--------+-----+--------+
         Total |  17584 |  16980 |    604 |   3048 |  11555 |  14 | 1256.0 |
       Dungeon |  15018 |  14420 |    598 |   2759 |  10113 |  11 | 1365.3 |
        Temple |    122 |    116 |      6 |      0 |     76 |   1 |  122.0 |
        Bailey |   1878 |   1878 |      0 |    126 |   1252 |   1 | 1878.0 |
      Gauntlet |    563 |    563 |      0 |    163 |    114 |   1 |  563.0 |
               +--------+--------+--------+--------+--------+-----+--------+

Top non-repeatable levels by time:
     D:4: 2064 daAuts
     D:1: 2038 daAuts
  Bailey: 1878 daAuts
     D:7: 1844 daAuts
     D:6: 1793 daAuts
     D:5: 1694 daAuts
     D:2: 1511 daAuts
    D:10: 1193 daAuts
     D:8: 1000 daAuts
     D:3: 977 daAuts
     D:9: 884 daAuts
Gauntlet: 563 daAuts
  Temple: 122 daAuts
    D:11: 18 daAuts
